Map: Dusk Towers

Players

MillMlorD (MarineLorD) - Winner!

  • Race: Terran Terran

hydra

  • Race: Zerg Zerg
  • League: Platinum

VOD

Have the link to the VOD?

Description

Time

  • Played on: Jan. 3, 2016, 2:45 p.m.
  • Length: 13:05
Show
View Real Time Build Order
Export as new Build Order

MillMlorD Terran - Winner!

Build Orders: Liberator Opening, Reaper Expand, Bio Tank, MMM Bio 

Get SALT Encoding   

  12  0:00  SCV  
  13  0:13  SCV  
  14  0:17  Supply Depot  
  14  0:25  SCV  
  15  0:38  SCV  
  15  0:41  Barracks  
  16  0:44  Refinery  
  16  0:50  SCV  
  17  1:03  SCV  
  18  1:15  SCV  
  19  1:28  Orbital Command  
  19  1:30  Reaper  
  20  1:41  Command Center  
  20  1:49  Supply Depot  
  21  1:54  SCV  
  21  2:01  Marine  
  21  2:06  SCV  
  23  2:10  Factory  
  23  2:12  Refinery  
  23  2:18  SCV  
  24  2:23  Barracks Reactor  
  24  2:30  SCV  
  25  2:42  SCV  
  26  2:52  Orbital Command  
  26  2:54  SCV  
  26  2:55  Starport  
  27  2:59  Widow Mine, Marine x2  
  31  3:06  SCV  
  32  3:17  Marine x2  
  32  3:18  SCV  
  32  3:19  Supply Depot, SCV  
  36  3:30  SCV, Factory Tech Lab  
  36  3:31  SCV, Medivac  
  40  3:36  Marine x2  
  42  3:42  SCV  
  42  3:43  SCV  
  42  3:46  Liberator  
  44  3:55  Command Center, SCV x2, Supply Depot  
  46  3:59  Supply Depot  
  49  4:07  SCV x2  
  49  4:09  Marine x2  
  53  4:19  SCV, Supply Depot  
  53  4:24  SCV  
  55  4:26  Marine  
  55  4:27  Marine  
  55  4:28  Siege Tank  
  55  4:29  Liberator  
  59  4:31  SCV  
  59  4:36  SCV  
  61  4:42  Supply Depot  
  61  4:43  SCV  
  62  4:48  SCV  
  66  4:55  SCV  
  66  4:57  Barracks  
  66  4:58  Barracks  
  67  5:00  SCV  
  68  5:07  SCV, Marine  
  68  5:08  SCV, Stimpack  
  68  5:09  Factory Reactor  
  68  5:12  SCV  
  72  5:20  SCV  
  74  5:21  Refinery, Orbital Command  
  74  5:22  Refinery  
  74  5:24  SCV  
  74  5:25  Engineering Bay, Marauder  
  74  5:27  Engineering Bay  
  76  5:32  SCV  
  77  5:36  SCV  
  75  5:44  SCV  
  75  5:46  Starport Reactor  
  75  5:47  Marauder  
  75  5:48  SCV, Barracks x2  
  79  5:53  SCV  
  80  5:59  Orbital Command  
  80  6:00  SCV  
  80  6:01  Factory Tech Lab  
  80  6:02  Marine x3  
  80  6:03  Marine  
  85  6:07  SCV, Liberator  
  85  6:08  Marauder  
  85  6:11  Terran Infantry Weapons Level 1  
  88  6:12  Terran Infantry Armor Level 1  
  88  6:13  SCV  
  88  6:19  SCV  
  88  6:20  Marine  
  88  6:25  SCV  
  94  6:27  Missile Turret, Marine x2  
  94  6:29  Marine, Liberator  
  94  6:30  Missile Turret, Marine  
  94  6:32  Missile Turret  
  92  6:35  SCV  
  92  6:36  SCV  
  92  6:37  SCV  
  92  6:38  Marine  
  96  6:42  Barracks Reactor, Barracks Tech Lab  
  96  6:45  Marine  
  100  6:47  Marine  
  100  6:51  Supply Depot  
  101  6:55  Supply Depot, SCV x3, Marine  
  101  6:57  Missile Turret  
  101  6:59  Marine x2  
  107  7:06  Marauder  
  107  7:07  Armory  
  109  7:13  SCV x2, Medivac, Marine x3  
  109  7:14  Supply Depot  
  116  7:20  Refinery  
  116  7:21  Supply Depot x3, Refinery  
  116  7:23  Siege Tank  
  116  7:28  Combat Shields  
  119  7:30  Concussive Shells, Marine x2  
  119  7:34  Marauder x2  
  119  7:35  Marine x3  
  119  7:36  Marine  
  129  7:43  SCV x3, Supply Depot  
  132  7:46  Medivac  
  132  7:48  Marine x2, Medivac  
  138  7:53  Marine  
  138  7:54  Supply Depot  
  138  7:55  Supply Depot, Marine  
  138  7:56  Marauder  
  144  7:58  Marauder  
  144  7:59  Marine x2  
  146  8:06  Marine  
  146  8:07  Marine  
  146  8:11  Marine  
  147  8:13  Marine  
  147  8:17  Terran Infantry Weapons Level 2, Barracks, Marauder  
  147  8:18  Barracks  
  147  8:19  Barracks, Terran Infantry Armor Level 2  
  150  8:22  Supply Depot  
  150  8:26  Marine x4  
  154  8:28  Marine  
  154  8:29  Marine  
  154  8:30  Medivac  
  154  8:33  Siege Tank  
  154  8:34  Marine  
  161  8:39  Marine  
  161  8:40  Bunker  
  162  8:43  Marine x2  
  162  8:47  Marine  
  142  8:50  Medivac  
  142  8:52  Marine x3  
  142  8:54  Marine  
  148  8:56  Marine  
  148  9:01  Marine x2  
  151  9:05  Medivac, Siege Tank, Marine  
  150  9:10  Marine x3  
  150  9:12  Marine  
  150  9:14  Marine  
  151  9:19  Marine x2  
  151  9:20  Medivac  
  151  9:23  Marine  
  144  9:27  Marine x2  
  144  9:28  Marine  
  135  9:33  Barracks Tech Lab  
  135  9:34  Barracks Reactor x2  
  135  9:35  Medivac  
  135  9:37  Siege Tank  
  134  9:39  Marine  
  134  9:40  Marauder, Marine x2  
  134  9:41  Marine  
  139  9:47  Marine  
  139  9:49  Marine x2  
  139  9:50  Medivac  
  139  9:51  Marine  
  145  9:57  Marine x2  
  145  9:59  Marauder, Marine  
  150  10:01  Marine  
  150  10:05  Medivac, Marine  
  150  10:07  Marine x2  
  154  10:09  Marine x2  
  154  10:12  Marine x2  
  158  10:15  Marine x3  
  158  10:16  Marine  
  158  10:19  Marine x2  
  158  10:20  Medivac  
  155  10:23  Marine  
  155  10:24  Marine x2  
  155  10:27  Marine x2  
  152  10:30  Marine x2  
  152  10:33  Marine x3  
  152  10:34  Marine  
  139  10:36  Marine  
  139  10:37  Marine  
  139  10:40  Marine  
  139  10:42  Marine  
  136  10:44  Marine  
  136  10:48  Orbital Command  
  134  10:54  Siege Tank  
  137  11:01  Marine x3  
  137  11:03  Marine  
  141  11:04  Marine  
  141  11:06  Marine  
  143  11:12  Marine x3  
  143  11:13  Marine x2  
  143  11:16  Marine  
  143  11:17  Marine  
  150  11:19  Marine  
  150  11:20  Marine x2  
  150  11:24  Marine  
  151  11:29  Marine  
  132  11:34  Marine  
  132  11:35  Marine x2  
  132  11:39  Marine x3  
  124  11:40  Marine x2  
  124  11:43  Marine  
  124  11:45  Marine  
  117  11:47  Marine x3  
  117  11:52  Marine  
  117  11:53  Marine x2  
  117  11:57  Marine x3  
  117  11:58  Marine x2  
  117  12:01  Marine  
  117  12:03  Marine  
  117  12:05  Marine x3  
  116  12:10  Marine x3  
  116  12:14  Marine  
  116  12:15  Marine x2  
  122  12:16  Marine x2  
  122  12:19  Siege Tank  
  122  12:20  Marine  
  122  12:21  Marine  
  129  12:24  Medivac  
  129  12:25  Marine  
  129  12:26  Marine  
  129  12:29  Marine  
  136  12:30  Marine, Marauder  
  136  12:33  Medivac  
  136  12:36  Marine  
  140  12:38  Marine  
  140  12:40  Marine, Marauder  
  140  12:44  Marine  
  142  12:46  Marine x3  
Show
View Real Time Build Order
Export as new Build Order

hydra Zerg 

Build Orders: Hatch First 

Get SALT Encoding   

  12  0:01  Drone  
  13  0:12  Overlord  
  13  0:17  Drone  
  14  0:30  Drone x2  
  14  0:34  Drone  
  17  0:51  Hatchery  
  17  0:54  Drone  
  17  0:57  Drone  
  18  1:08  Extractor  
  17  1:12  Spawning Pool  
  17  1:15  Drone  
  17  1:17  Drone  
  18  1:28  Drone  
  19  1:38  Overlord  
  19  1:59  Zergling x2, Queen  
  19  2:00  Zergling x2  
  23  2:02  Queen  
  23  2:03  Drone  
  23  2:07  Metabolic Boost  
  26  2:11  Drone  
  26  2:14  Drone  
  28  2:22  Drone  
  29  2:26  Drone  
  30  2:32  Drone  
  30  2:34  Queen  
  31  2:44  Overlord  
  31  2:45  Drone  
  31  2:46  Drone  
  33  2:55  Zergling x2  
  34  2:59  Drone  
  34  3:04  Zergling x2  
  36  3:06  Drone  
  36  3:07  Drone x3  
  36  3:12  Roach Warren  
  39  3:14  Drone x2  
  39  3:15  Drone  
  39  3:16  Drone  
  39  3:19  Drone  
  44  3:27  Overlord  
  44  3:32  Hatchery  
  43  3:38  Lair  
  43  3:49  Drone  
  43  3:51  Drone, Extractor  
  43  3:52  Extractor  
  43  3:55  Roach x4  
  51  3:57  Overlord  
  51  3:59  Drone  
  51  4:02  Extractor  
  51  4:03  Overlord  
  51  4:07  Drone  
  52  4:11  Overlord  
  52  4:17  Drone  
  52  4:18  Drone x2  
  52  4:19  Drone x3  
  52  4:21  Zergling x2  
  59  4:28  Drone x2  
  61  4:37  Spire  
  60  4:38  Overseer  
  60  4:39  Drone x2  
  60  4:44  Overseer  
  62  4:46  Drone x2  
  62  4:47  Drone x2  
  62  4:49  Drone  
  62  4:50  Drone  
  62  4:51  Drone  
  69  4:56  Drone  
  69  4:57  Drone x2  
  72  5:00  Drone x2  
  74  5:09  Overlord  
  74  5:14  Overlord  
  74  5:15  Overlord, Glial Reconstitution  
  74  5:18  Overlord x2  
  74  5:22  Overlord x2  
  63  5:46  Zergling x8  
  67  5:50  Mutalisk x6  
  77  6:01  Queen  
  79  6:05  Drone x2  
  79  6:07  Evolution Chamber  
  79  6:08  Evolution Chamber  
  79  6:10  Drone x2  
  79  6:11  Drone  
  81  6:18  Drone x4  
  78  6:21  Drone  
  78  6:23  Drone x2  
  83  6:30  Drone x4  
  83  6:32  Extractor  
  86  6:33  Extractor  
  86  6:34  Zerg Missile Weapons Level 1  
  86  6:37  Zerg Ground Armor Level 1  
  85  6:40  Drone  
  85  6:41  Drone x3  
  89  6:47  Drone  
  89  6:48  Overlord x2  
  89  6:52  Roach  
  89  6:53  Roach x2  
  96  6:57  Pneumatized Carapace, Overseer  
  96  7:00  Drone  
  97  7:13  Roach x5  
  106  7:16  Hatchery  
  106  7:19  Zerg Flyer Weapons Level 1  
  106  7:21  Roach x3  
  111  7:28  Roach x4  
  119  7:31  Overlord  
  119  7:32  Overlord  
  119  7:38  Roach x3  
  119  7:40  Roach  
  127  7:44  Drone x3  
  127  7:46  Queen  
  127  7:48  Drone x2  
  134  7:58  Overlord  
  134  7:59  Drone  
  134  8:00  Drone x4  
  134  8:02  Extractor  
  138  8:06  Baneling Nest, Infestation Pit  
  138  8:07  Extractor  
  135  8:13  Ravager  
  135  8:14  Ravager x7  
  135  8:17  Drone x3  
  135  8:18  Drone x3  
  149  8:24  Hatchery  
  149  8:26  Overlord x2  
  148  8:30  Ravager  
  148  8:31  Zerg Melee Weapons Level 1  
  148  8:32  Zerg Ground Armor Level 2  
  149  8:37  Roach x3  
  130  8:50  Roach x7  
  130  8:55  Roach x7  
  154  8:58  Ravager x2  
  154  9:03  Roach  
  154  9:04  Roach x3  
  155  9:13  Roach  
  155  9:14  Roach x6  
  165  9:19  Roach x3  
  157  9:26  Hive  
  157  9:27  Zergling x4  
  157  9:28  Zergling x6  
  143  9:35  Zergling x16  
  151  9:42  Zergling x4  
  150  9:48  Roach x3  
  150  9:52  Roach  
  150  9:56  Ravager x6  
  150  9:57  Ravager x2  
  158  10:00  Roach x4  
  158  10:06  Centrifical Hooks  
  166  10:08  Queen  
  165  10:20  Roach  
  165  10:21  Roach x3  
  167  10:28  Roach x7  
  167  10:32  Zergling x2  
  167  10:33  Zergling x10  
  161  10:38  Zergling x18  
  161  10:39  Zergling x4  
  157  10:45  Ultralisk Cavern  
  157  10:48  Zergling x6  
  157  10:54  Ravager x5  
  157  10:55  Ravager  
  157  10:56  Drone x2  
  165  10:57  Spine Crawler  
  165  11:00  Zergling x2  
  165  11:01  Zergling x4  
  167  11:08  Overlord  
  167  11:14  Baneling x4  
  164  11:26  Zergling x2  
  164  11:27  Zergling x30  
  146  11:35  Zergling x6  
  146  11:38  Zergling x2  
  139  11:41  Chitinous Plating  
  118  11:47  Ultralisk x2  
  118  11:53  Ultralisk  
  114  12:03  Ultralisk  
  116  12:10  Ultralisk  
  122  12:22  Baneling x4  
  121  12:25  Ultralisk  
Tags
 
Add a new tag
Caveats
  • Supply blocks, unpowered buildings, or Contaminate may cause inaccurate times.
  • Supply counts are checked every 10 seconds.